 Dungeon Crawl Stone Soup version 0.29.1 (webtiles) character file.

Game seed: 1428663282918126667

5 greasedhog the Digger (level 1, -1/12 HPs)
             Began as a Gargoyle Wanderer on Sept 12, 2022.
             Slain by a hobgoblin (3 damage)
             ... on level 1 of the Dungeon.
             The game lasted 00:00:26 (487 turns).

greasedhog the Digger (Gargoyle Wanderer)            Turns: 487, Time: 00:00:27

Health: -1/12      AC:  7    Str: 16    XL:     1   Next: 80%
Magic:  2/2        EV: 10    Int: 12    God:
Gold:   30         SH:  0    Dex:  8    Spells: 2/2 levels left

rFire   . . .      SeeInvis .   a - +0 club
rCold   . . .      Faith    .   (no shield)
rNeg    + . .      Spirit   .   c - +0 ring mail
rPois   ∞          Reflect  .   (no helmet)
rElec   +          Harm     .   (no cloak)
rCorr   .          Rampage  .   (no gloves)
Will    .....                   (no boots)
Stlth   +.........              (no amulet)
HPRegen 0.04/turn               (no ring)
MPRegen 0.08/turn               (no ring)

@: no status effects
A: sickness immunity, AC +2, negative energy resistance 1, electricity
resistance, torment resistance 1, petrification resistance
a: no special abilities


You were on level 1 of the Dungeon.
You visited 1 branch of the dungeon, and saw 1 of its levels.

You collected 30 gold pieces.

Inventory:

Hand Weapons
 a - a +0 club (weapon)
Armour
 c - a +0 ring mail (worn)
Jewellery
 e - a ring of fire
Scrolls
 b - a scroll of fog
Potions
 d - a potion of cancellation {unknown}


   Skills:
 * Level 1.5 Fighting
 * Level 0.8 Maces & Flails
 - Level 2.1 Armour
 - Level 1.1 Stealth
 - Level 1.0 Spellcasting
 - Level 1.0 Hexes
 - Level 3.6 Earth Magic
 - Level 1.0 Invocations


You had 2 spell levels left.
You didn't know any spells.
Your spell library contained the following spells:

 Spells                   Type           Power      Damage    Failure   Level
 Sandblast                Erth           18%        2d7       13%         1
 Slow                     Hex            12%        N/A       36%         1
 Portal Projectile        Hex/Tloc       2%         N/A       80%         3
 Leda's Liquefaction      Hex/Erth       3%         N/A       91%         4
 Animate Armour           Summ/Erth      8%         N/A       95%         4


Dungeon Overview and Level Annotations

Branches:
Dungeon (1/15)

Altars:


Innate Abilities, Weirdness & Mutations

You are immune to sickness and miasma.
Your stone body is resilient. (AC +2)
You are immune to poison.
You resist negative energy. (rN+)
You are resistant to electric shocks. (rElec)
You are resistant to unholy torment.
You are immune to petrification.


Message History

You are too injured to fight recklessly!
You are too injured to fight recklessly!
You are too injured to fight recklessly!
You are too injured to fight recklessly!
You hit the hobgoblin.
The hobgoblin is moderately wounded.
The hobgoblin hits you but does no damage.
You barely miss the hobgoblin.
The hobgoblin is moderately wounded.
The hobgoblin barely misses you.
The hobgoblin hits you but does no damage.
You barely miss the hobgoblin.
The hobgoblin is moderately wounded.
The hobgoblin barely misses you.
You hit the hobgoblin.
The hobgoblin is heavily wounded.
The hobgoblin misses you.
You closely miss the hobgoblin.
The hobgoblin is heavily wounded.
The hobgoblin hits you.
You barely miss the hobgoblin.
The hobgoblin is heavily wounded.
The hobgoblin hits you.
* * * LOW HITPOINT WARNING * * *
The hobgoblin barely misses you.
You barely miss the hobgoblin.
The hobgoblin is heavily wounded.
The hobgoblin hits you but does no damage.
You closely miss the hobgoblin.
The hobgoblin is heavily wounded.
A bat comes into view.
The hobgoblin hits you but does no damage.
You completely miss the hobgoblin.
The hobgoblin is heavily wounded.
The hobgoblin closely misses you.
You barely miss the hobgoblin.
The hobgoblin is heavily wounded.
The bat hits you but does no damage. The bat closely misses you.
The hobgoblin hits you.
You die...

####### .. ..##... #.#
#.##.## #.# #.##.#.
##.##### #.##.#.
####......# #.##.#.
##.....# #.# #.##...
#####.g##..# #.###.####.
......b@...###..........
..#######..........#####
#..############. ##.#
...##. #.# #.##. #.# #
#.... ..# #.###.##. ...
#........ ... ##..†....


You could see a hobgoblin and a bat.

Vanquished Creatures
  An endoplasm (D:1)
  A hobgoblin (D:1)
  A kobold (D:1)
  A quokka (D:1)
4 creatures vanquished.

Vanquished Creatures (others)
  A demonic plant (D:1)
1 creature vanquished.

Grand Total: 5 creatures vanquished

Notes
Turn   | Place    | Note
-------+----------+-------------------------------------------
     0 | D:1      | greasedhog the Gargoyle Wanderer began the quest for the
                  | Orb.
     0 | D:1      | greasedhog set off with the following items: a +0 club, a
                  | scroll of fog, a +0 ring mail; and the following spells
                  | available to memorise: Sandblast, Slow, Portal Projectile,
                  | Leda's Liquefaction, Animate Armour.
     0 | D:1      | Reached XP level 1. HP: 12/12 MP: 2/2
   487 | D:1      | Slain by a hobgoblin

Illustrated notes

Levels and vault maps discovered:
D:1:      tarquinn_simple_flora_water_b, layout_loops_cross,
          dreamdust_ecumenical_altar_sealed_demon, minmay_misc_feat_doors

Action                   || total
-------------------------++-------
Melee: Club              ||    43
       Punch             ||     1
Armor: Ring mail         ||    18
Dodge: Dodged            ||    23
